DBL
ST. LOUIS CARDINALS @ CINCINNATI REDS
05/22/1997
 
TOP OF THE 1ST
St. Louis Cardinals batting - Pitching for Cincinnati Reds : RHP Joey Hamilton
Pitching: RHP Joey Hamilton
Batting: LHB Steve Finley 0-0: Ball
1-0: Ball
2-0: Fly out, F9 (Flyball, 9LS, EV 77.5 MPH)
Batting: RHB Jay Bell 0-0: Ball
1-0: Bunt missed!
1-1: Called Strike
1-2: Foul Ball, location: 2F
1-2: Ball
2-2: Foul Ball, location: 2F
2-2: Hit by Pitch
Batting: LHB Troy Neel 0-0: Fly out, F5 (Popup, 56, EV 80.6 MPH)
Batting: RHB Ivan Calderon 0-0: Ball
1-0: Ball
2-0: Ball
3-0: Called Strike
3-1: Base on Balls
Jay Bell to second
Batting: LHB Karim Garcia 0-0: Ball
1-0: Fly out, F8 (Flyball, 8RM, EV 97.5 MPH)
Top of the 1st over - 0 runs, 0 hits, 0 errors, 2 left on base; St. Louis 0 - Cincinnati 0
BOTTOM OF THE 1ST
Cincinnati Reds batting - Pitching for St. Louis Cardinals : RHP Francisco Cordova
Pitching: RHP Francisco Cordova
Batting: LHB Fernando Vina 0-0: Ball
1-0: Ball
2-0: Called Strike
2-1: Fly out, F7 (Flyball, 7, EV 84.4 MPH)
Batting: RHB Scott Rolen 0-0: Called Strike
0-1: Foul Ball, location: 2F
0-2: Foul Ball, location: 2F
0-2: Strikes out looking
Batting: SHB Bernie Williams 0-0: Ball
1-0: Swinging Strike
1-1: Swinging Strike
1-2: Foul Ball, location: 2F
1-2: SINGLE (Flyball, 78S, EV 81.9 MPH)
Batting: LHB Bobby Higginson 0-0: Ball
1-0: Ball
2-0: Called Strike
2-1: Ball
3-1: Base on Balls
Bernie Williams to second
Batting: RHB Javy Lopez 0-0: Ball
1-0: Foul Ball, location: 2F
1-1: Swinging Strike
1-2: Ball
2-2: Strikes out swinging
Bottom of the 1st over - 0 runs, 1 hit, 0 errors, 2 left on base; St. Louis 0 - Cincinnati 0
TOP OF THE 2ND
St. Louis Cardinals batting - Pitching for Cincinnati Reds : RHP Joey Hamilton
Batting: RHB John Valentin 0-0: Ball
1-0: Ball
2-0: Called Strike
2-1: Ball
3-1: Base on Balls
Batting: RHB Dickie Thon 0-0: Ball
1-0: Ball
2-0: Ball
3-0: Called Strike
3-1: Fly out, F8 (Flyball, 8LD, EV 107.5 MPH)
Batting: RHB Damian Miller 0-0: Called Strike
0-1: Called Strike
0-2: Strikes out swinging
Batting: SHB Stan Javier 0-0: Ball
1-0: Called Strike
1-1: Swinging Strike
1-2: Fly out, F9 (Flyball, 9, EV 86.9 MPH)
Top of the 2nd over - 0 runs, 0 hits, 0 errors, 1 left on base; St. Louis 0 - Cincinnati 0
BOTTOM OF THE 2ND
Cincinnati Reds batting - Pitching for St. Louis Cardinals : RHP Francisco Cordova
Batting: LHB Matt Lawton 0-0: Called Strike
0-1: Foul Ball, location: 2F
0-2: Ball
1-2: SINGLE (Flyball, 78S, EV 91.9 MPH)
Batting: SHB Jose Offerman 0-0: Fly out, F7 (Flyball, 78XD, EV 76.9 MPH)
Batting: SHB Omar Vizquel 0-0: Swinging Strike
Matt Lawton is caught stealing 2nd base 2-6
0-1: Ball
1-1: Fly out, F8 (Flyball, 8LS, EV 90.0 MPH)
Bottom of the 2nd over - 0 runs, 1 hit, 0 errors, 0 left on base; St. Louis 0 - Cincinnati 0
TOP OF THE 3RD
St. Louis Cardinals batting - Pitching for Cincinnati Reds : RHP Joey Hamilton
Batting: LHB Steve Finley 0-0: Called Strike
0-1: Ball
1-1: Ball
2-1: Called Strike
2-2: Ball
3-2: Ground out 4-3 (Groundball, 4, EV 106.3 MPH)
Batting: RHB Jay Bell 0-0: Ball
1-0: Foul Ball, location: 2F
1-1: Ball
2-1: Fly out, F9 (Flyball, 89D, EV 95.0 MPH)
Batting: LHB Troy Neel 0-0: Called Strike
0-1: Ball
1-1: Swinging Strike
1-2: Ball
2-2: Ground out 1-3 (Groundball, 15S, EV 70.0 MPH)
Top of the 3rd over - 0 runs, 0 hits, 0 errors, 0 left on base; St. Louis 0 - Cincinnati 0
BOTTOM OF THE 3RD
Cincinnati Reds batting - Pitching for St. Louis Cardinals : RHP Francisco Cordova
Batting: SHB Dwayne Hosey 0-0: Ball
1-0: Foul Ball, location: 2F
1-1: Fly out, F4 (Popup, 4MD, EV 48.1 MPH)
Batting: LHB Fernando Vina 0-0: Hit by Pitch
Batting: RHB Scott Rolen 0-0: Reached on error, E6 (Groundball, 6D, EV 84.4 MPH)
Fernando Vina to second
Batting: SHB Bernie Williams 0-0: Ball
1-0: Fielders Choice at 2nd, 2-6 (Groundball, 13S, EV 68.8 MPH)
Fernando Vina to third
Batting: LHB Bobby Higginson 0-0: Ball
1-0: Called Strike
1-1: Ball
2-1: DOUBLE (Line Drive, 9LM, EV 105.0 MPH)
Fernando Vina scores
Bernie Williams to third
Batting: RHB Javy Lopez 0-0: Called Strike
0-1: Ball
1-1: Called Strike
1-2: SINGLE (Groundball, 56D, EV 96.3 MPH)
Bernie Williams scores
Bobby Higginson to third
Runner from 3rd tries for Home, SAFE, throw by LF to home
Batting: LHB Matt Lawton 0-0: Swinging Strike
0-1: Swinging Strike
0-2: Ball
1-2: Strikes out swinging
Bottom of the 3rd over - 3 runs, 2 hits, 1 error, 1 left on base; St. Louis 0 - Cincinnati 3
TOP OF THE 4TH
St. Louis Cardinals batting - Pitching for Cincinnati Reds : RHP Joey Hamilton
Batting: RHB Ivan Calderon 0-0: Ball
1-0: Swinging Strike
1-1: Ball
2-1: Swinging Strike
2-2: Ball
3-2: Base on Balls
Batting: LHB Karim Garcia 0-0: Grounds into double play, 4-6-3 (Groundball, 4, EV 86.9 MPH)
Batting: RHB John Valentin 0-0: Called Strike
0-1: Fly out, F7 (Line Drive, 7, EV 103.1 MPH)
Top of the 4th over - 0 runs, 0 hits, 0 errors, 0 left on base; St. Louis 0 - Cincinnati 3
BOTTOM OF THE 4TH
Cincinnati Reds batting - Pitching for St. Louis Cardinals : RHP Francisco Cordova
Batting: SHB Jose Offerman 0-0: Ball
1-0: Called Strike
1-1: Swinging Strike
1-2: Ball
2-2: Foul Ball, location: 2F
2-2: Ball
3-2: Base on Balls
Batting: SHB Omar Vizquel 0-0: Foul Ball, location: 2F
0-1: Bunt missed!
0-2: Foul Ball, location: 2F
0-2: Fielders Choice at 2nd, 4-6 (Groundball, 4, EV 103.1 MPH)
Batting: SHB Dwayne Hosey 0-0: Fly out, F5 (Popup, 56, EV 74.4 MPH)
Batting: LHB Fernando Vina 0-0: Ball
1-0: Called Strike
1-1: Foul Ball, location: 2F
1-2: Fly out, F7 (Flyball, 7, EV 84.4 MPH)
Bottom of the 4th over - 0 runs, 0 hits, 0 errors, 1 left on base; St. Louis 0 - Cincinnati 3
TOP OF THE 5TH
St. Louis Cardinals batting - Pitching for Cincinnati Reds : RHP Joey Hamilton
Batting: RHB Dickie Thon 0-0: Foul Ball, location: 2F
0-1: Ball
1-1: Ball
2-1: Foul Ball, location: 2F
2-2: Strikes out swinging, 2-3 out at first.
Batting: RHB Damian Miller 0-0: Called Strike
0-1: Called Strike
0-2: Strikes out swinging
Batting: SHB Stan Javier 0-0: Called Strike
0-1: Fly out, F4 (Line Drive, 4, EV 73.1 MPH)
Top of the 5th over - 0 runs, 0 hits, 0 errors, 0 left on base; St. Louis 0 - Cincinnati 3
BOTTOM OF THE 5TH
Cincinnati Reds batting - Pitching for St. Louis Cardinals : RHP Francisco Cordova
Batting: RHB Scott Rolen 0-0: Ball
1-0: Ball
2-0: Ball
3-0: Base on Balls
Batting: SHB Bernie Williams 0-0: Called Strike
0-1: Fly out, F8 (Line Drive, 8RM, EV 86.9 MPH)
Batting: LHB Bobby Higginson 0-0: Ball
1-0: Called Strike
1-1: Foul Ball, location: 2F
1-2: Ball
2-2: Fly out, F8 (Line Drive, 8LM, EV 95.0 MPH)
Batting: RHB Javy Lopez 0-0: Ball
1-0: Fly out, F9 (Flyball, 9, EV 90.6 MPH)
Bottom of the 5th over - 0 runs, 0 hits, 0 errors, 1 left on base; St. Louis 0 - Cincinnati 3
TOP OF THE 6TH
St. Louis Cardinals batting - Pitching for Cincinnati Reds : RHP Joey Hamilton
Batting: LHB Steve Finley 0-0: Foul Ball, location: 2F
0-1: Called Strike
0-2: Ball
1-2: Ground out 4-3 (Groundball, 4, EV 84.4 MPH)
Batting: RHB Jay Bell 0-0: Ground out 5-3 (Groundball, 56S, EV 81.3 MPH)
Batting: LHB Troy Neel 0-0: Called Strike
0-1: Foul Ball, location: 2F
0-2: Fly out, F9 (Flyball, 9S, EV 90.0 MPH)
Top of the 6th over - 0 runs, 0 hits, 0 errors, 0 left on base; St. Louis 0 - Cincinnati 3
BOTTOM OF THE 6TH
Cincinnati Reds batting - Pitching for St. Louis Cardinals : RHP Francisco Cordova
Pitching: RHP Rusty Meacham
Batting: LHB Matt Lawton 0-0: Called Strike
0-1: Ball
1-1: Foul Ball, location: 2F
1-2: Foul Ball, location: 2F
1-2: Foul Ball, location: 2F
1-2: Foul Ball, location: 2F
1-2: Foul Ball, location: 2F
1-2: Ball
2-2: Ball
3-2: Foul Ball, location: 2F
3-2: SINGLE (Line Drive, 89M, EV 93.8 MPH)
Batting: SHB Jose Offerman 0-0: Ball
1-0: Bunted foul
1-1: Foul Ball, location: 2F
1-2: Ball
2-2: Foul Ball, location: 3F, Error on foul ball, E3
2-2: SINGLE (Groundball, 4MD, EV 108.1 MPH)
Matt Lawton to second
Matt Lawton to third
Pitching: RHP Terry Mathews
Batting: SHB Omar Vizquel 0-0: Ball
1-0: Called Strike
1-1: Ball
2-1: Fielders Choice at 2nd, 4-6 (Groundball, 4S, EV 80.0 MPH)
Matt Lawton scores
Batting: SHB Dwayne Hosey 0-0: Ball
1-0: Ball
2-0: Ball
3-0: Base on Balls
Omar Vizquel to second
Batting: LHB Fernando Vina 0-0: Called Strike
0-1: Ball
1-1: SINGLE (Line Drive, 89S, EV 103.8 MPH)
Omar Vizquel to third
Dwayne Hosey to second
Batting: RHB Scott Rolen 0-0: Foul Ball, location: 2F
0-1: Swinging Strike
0-2: Fly out, F8 (Flyball, 89D, EV 108.1 MPH)
Runner from 3rd tags up, SCORES, throw by CF
Dwayne Hosey to third
Batting: SHB Bernie Williams 0-0: Ball
1-0: Ground out 6-3 (Groundball, 6MS, EV 83.1 MPH)
Bottom of the 6th over - 2 runs, 3 hits, 1 error, 2 left on base; St. Louis 0 - Cincinnati 5
TOP OF THE 7TH
St. Louis Cardinals batting - Pitching for Cincinnati Reds : RHP Joey Hamilton
Batting: RHB Ivan Calderon 0-0: Ball
1-0: Ball
2-0: DOUBLE (Line Drive, 9LM, EV 104.4 MPH)
Batting: LHB Karim Garcia 0-0: Ball
1-0: Ball
2-0: Called Strike
2-1: Foul Ball, location: 2F
2-2: Foul Ball, location: 2F
2-2: Strikes out looking
Batting: RHB John Valentin 0-0: Called Strike
0-1: Ball
1-1: Fly out, F8 (Flyball, 8RXD, EV 95.0 MPH)
Batting: RHB Dickie Thon 0-0: Ball
1-0: Swinging Strike
1-1: Ball
2-1: Swinging Strike
2-2: Ball
3-2: Foul Ball, location: 2F
3-2: Strikes out looking
Top of the 7th over - 0 runs, 1 hit, 0 errors, 1 left on base; St. Louis 0 - Cincinnati 5
BOTTOM OF THE 7TH
Cincinnati Reds batting - Pitching for St. Louis Cardinals : RHP Terry Mathews
Batting: LHB Bobby Higginson 0-0: Ball
1-0: Foul Ball, location: 2F
1-1: SINGLE (Line Drive, 34, EV 98.1 MPH)
Pitching: RHP Mariano Rivera
Batting: RHB Javy Lopez 0-0: Foul Ball, location: 2F
0-1: Foul Ball, location: 2F
0-2: Foul Ball, location: 2F
0-2: Foul Ball, location: 2F
0-2: Ball
1-2: Strikes out swinging
Batting: LHB Matt Lawton 0-0: Ball
1-0: Foul Ball, location: 2F
1-1: Ball
2-1: Ball
3-1: Fly out, F6 (Popup, 6, EV 75.0 MPH)
Batting: SHB Jose Offerman 0-0: Foul Ball, location: 2F
0-1: Ball
1-1: Ground out 6-3 (Groundball, 6M, EV 109.4 MPH)
Bottom of the 7th over - 0 runs, 1 hit, 0 errors, 1 left on base; St. Louis 0 - Cincinnati 5
TOP OF THE 8TH
St. Louis Cardinals batting - Pitching for Cincinnati Reds : RHP Joey Hamilton
Batting: RHB Damian Miller 0-0: Foul Ball, location: 2F
0-1: SINGLE (Groundball, 34D, EV 103.1 MPH)
Batting: SHB Stan Javier 0-0: Foul Ball, location: 2F
0-1: Swinging Strike
0-2: Ball
1-2: Strikes out swinging
Batting: LHB Steve Finley 0-0: Ball
1-0: Ball
2-0: Called Strike
2-1: Foul Ball, location: 2F
2-2: Fly out, F7 (Flyball, 7S, EV 76.9 MPH)
Batting: RHB Jay Bell 0-0: Foul Ball, location: 2F
0-1: Ball
1-1: Called Strike
1-2: Fielders Choice at 2nd, U6 (Groundball, 6M, EV 81.9 MPH)
Top of the 8th over - 0 runs, 1 hit, 0 errors, 1 left on base; St. Louis 0 - Cincinnati 5
BOTTOM OF THE 8TH
Cincinnati Reds batting - Pitching for St. Louis Cardinals : RHP Mariano Rivera
Batting: SHB Omar Vizquel 0-0: Called Strike
0-1: Foul Ball, location: 2F
0-2: Ball
1-2: Fly out, F8 (Flyball, 78D, EV 107.5 MPH)
Batting: SHB Dwayne Hosey 0-0: Fly out, F5 (Popup, 56, EV 73.8 MPH)
Batting: LHB Fernando Vina 0-0: Swinging Strike
0-1: Called Strike
0-2: Ball
1-2: Foul Ball, location: 2F
1-2: Ball
2-2: SINGLE (Line Drive, 4MD, EV 106.9 MPH)
Batting: RHB Scott Rolen 0-0: Ball
1-0: 2-RUN HOME RUN (Flyball, 7LD, EV 104.4 MPH), Distance : 338 ft
Pinch Hitting: LHB Dave Nilsson 0-0: Ball
1-0: Ball
2-0: Ball
3-0: Called Strike
3-1: Base on Balls
Pinch Hitting: LHB Henry L. Rodriguez 0-0: Called Strike
0-1: Ball
1-1: Foul Ball, location: 2F
1-2: Ball
2-2: DOUBLE (Line Drive, 89D, EV 101.3 MPH)
Dave Nilsson to third
Batting: RHB Javy Lopez 0-0: Called Strike
0-1: Ball
1-1: Ground out 6-3 (Groundball, 6, EV 85.0 MPH)
Bottom of the 8th over - 2 runs, 3 hits, 0 errors, 2 left on base; St. Louis 0 - Cincinnati 7
TOP OF THE 9TH
St. Louis Cardinals batting - Pitching for Cincinnati Reds : RHP Joey Hamilton
Now in LF: Henry L. Rodriguez
Now in RF: Dave Nilsson
Batting: LHB Troy Neel 0-0: Called Strike
0-1: Ball
1-1: Fly out, F6 (Flyball, 56D, EV 95.0 MPH)
Pinch Hitting: RHB Mike Benjamin 0-0: Called Strike
0-1: Swinging Strike
0-2: Foul Ball, location: 2F
0-2: Ball
1-2: Strikes out looking
Batting: LHB Karim Garcia 0-0: Fly out, F9 (Flyball, 9LM, EV 90.6 MPH)
Top of the 9th over - 0 runs, 0 hits, 0 errors, 0 left on base; St. Louis 0 - Cincinnati 7
Thursday, February 12th, 2026 - OOTP Baseball 20.8 Build 74